 Dungeon Crawl Stone Soup version 0.21.0-25-ge575cb9 (webtiles) character file.

174 Monsterracer the Slasher (level 5, -1/45 HPs)
             Began as a Minotaur Monk on Jan 24, 2018.
             Slain by a worker ant (4 damage)
             ... on level 3 of the Dungeon.
             The game lasted 00:09:24 (5427 turns).

Monsterracer the Slasher (Minotaur Monk)            Turns: 5427, Time: 00:09:24

Health: -1/45      AC:  4    Str: 16    XL:     5   Next: 28%
Magic:  4/4        EV: 14    Int:  7    God:
Gold:   86         SH:  0    Dex: 13    Spells: 4/4 levels left

rFire    . . .     SeeInvis .   a - +1 falchion {!a}
rCold    . . .     Gourm    .   (no shield)
rNeg     . . .     Faith    .   b - +0 robe
rPois    .         Spirit   .   (helmet restricted)
rElec    .         Reflect  .   s - +0 cloak
rCorr    .         Harm     .   h - +0 pair of gloves
MR       .....                  (no boots)
Stlth    ++........             (no amulet)
HPRegen  0.15/turn              (no ring)
MPRegen  0.09/turn              (no ring)

@: lethally poisoned (-1 -> -5)
A: retaliatory headbutt, horns 2
a: no special abilities


You were on level 3 of the Dungeon.
You were very hungry.

You visited 2 branches of the dungeon, and saw 5 of its levels.

You collected 86 gold pieces.

Inventory:

Hand Weapons
 a - a +1 falchion (weapon) {!a}
Armour
 b - a +0 robe (worn)
 h - a +0 pair of gloves (worn)
 k - a +0 leather armour
 s - a +0 cloak (worn)
Scrolls
 l - a scroll of remove curse
 o - 2 scrolls of identify
Potions
 e - a potion of brilliance
Comestibles
 c - 4 rations


   Skills:
 - Level 3.6 Fighting
 * Level 6.3 Long Blades
 + Level 4.6 Dodging
 - Level 1.5 Stealth


You had 4 spell levels left.
You didn't know any spells.

Dungeon Overview and Level Annotations

Branches:
Dungeon (4/15)             Temple (1/1) D:4

Altars:
Ashenzari
Dithmenos
Fedhas
Kikubaaqudgha
Makhleb
Nemelex Xobeh
Qazlal
Ru
Sif Muna
Uskayaw
Yredelemnul
Zin
The Shining One

Annotations:
D:3 Nanban's ghost, amateur OpEn


Innate Abilities, Weirdness & Mutations

You reflexively headbutt those who attack you in melee.
You have a pair of horns on your head.


Message History

You feel sick.
You take 1 damage, and have 29/45 hp.
You feel sick.
Okay, then.
You feel sick.
You take 1 damage, and have 28/45 hp.
You feel sick. The worker ant bites you.
You are more poisoned.
The worker ant poisons you!
You take 3 damage, and have 25/45 hp.
You feel sick.
You take 2 damage, and have 23/45 hp.
You feel sick.
You take 1 damage, and have 22/45 hp.
You feel sick.
You take 2 damage, and have 20/45 hp.
You feel sick. The worker ant completely misses you.
You riposte.
You closely miss the worker ant.
You take 1 damage, and have 19/45 hp.
You feel better. The worker ant closely misses you. You furiously retaliate!
You headbutt the worker ant.
You regained 10 hp, and now have 29/45 hp.
The worker ant closely misses you. The worker ant completely misses you.
There is an open door here.
The worker ant completely misses you. The worker ant bites you. x2
* * * LOW HITPOINT WARNING * * *
You are poisoned.
The worker ant poisons you!
There is an open door, spattered with blood here.
You take 12 damage, and have 19/45 hp.
MASSIVE DAMAGE!!
You feel sick.
You take 1 damage, and have 18/45 hp.
The worker ant waves its antennae.
You feel sick.
You take 1 damage, and have 17/45 hp.
You feel sick.
You take 1 damage, and have 16/45 hp.
The worker ant closely misses you.
You riposte.
You hit the worker ant but do no damage.
The worker ant is moderately wounded.
You feel sick.
There is an open door, spattered with blood here.
You take 1 damage, and have 16/45 hp.
The worker ant completely misses you.
You feel sick.
The worker ant bites you but does no damage.
You feel sick.
You take 1 damage, and have 15/45 hp.
The worker ant bites you.
* * * LOW HITPOINT WARNING * * *
You are more poisoned.
The worker ant poisons you!
There is an open door, spattered with blood here.
You take 3 damage, and have 12/45 hp.
You feel sick. The worker ant misses you.
You take 1 damage, and have 11/45 hp.
The worker ant bites you.
* * * LOW HITPOINT WARNING * * *
The worker ant closely misses you. You furiously retaliate!
You headbutt the worker ant, but do no damage.
You riposte.
You barely miss the worker ant.
The worker ant is moderately wounded.
You take 5 damage, and have 6/45 hp.
You feel much better.
You feel sick. The worker ant closely misses you.
You riposte.
You hit the worker ant but do no damage.
Your headbutt misses the worker ant.
The worker ant is moderately wounded.
You regained 18 hp, and now have 24/45 hp.
The worker ant completely misses you.
You riposte.
You barely miss the worker ant.
The worker ant is moderately wounded.
Unknown command.
The worker ant closely misses you. You furiously retaliate!
You headbutt the worker ant, but do no damage.
You feel sick. The worker ant closely misses you. You furiously retaliate!
You headbutt the worker ant.
You riposte.
You hit the worker ant but do no damage.
The worker ant is severely wounded.
You take 1 damage, and have 23/45 hp.
The worker ant closely misses you. You furiously retaliate!
You headbutt the worker ant, but do no damage.
The worker ant barely misses you. The worker ant bites you!
* * * LOW HITPOINT WARNING * * *
You take 7 damage, and have 17/45 hp.
You feel sick. The worker ant bites you!
* * * LOW HITPOINT WARNING * * *
You are more poisoned.
The worker ant poisons you!
You take 8 damage, and have 9/45 hp.
The worker ant closely misses you.
You feel sick. The worker ant barely misses you.
You take 1 damage, and have 8/45 hp.
You feel sick. The worker ant bites you.
* * * LOW HITPOINT WARNING * * *
The worker ant bites you.
You die...

.#.....#..##.....#### #.#....≈≈##
.##..#........#.....# #.#....≈≈≈≈
....)...#..##...#.#.###.#....≈≈≈≈
..##..#.....#........##.#.....P..
..#.)...........#.#..............
....(...#...#.#.....#############
..#.(.#.##.##.##.#######
..##.##.......##'## #<#
........####...a@.####.###
.....#######.............#
.###(....................# .#
#.#)#.#.#.............# .#
#..............##.##### .#
#.#.#.#.#......#.....# .#
#..............#.#.#.# .#
#.#.#.#.#............## .#
#.).(..(.(.#####.#.#..#


You could see a worker ant.

Vanquished Creatures
  Jessica (D:2)
  A gnoll (D:3)
  5 adders
  An adder zombie (D:2)
  2 dart slugs
  A leopard gecko (D:3)
  3 giant cockroaches
  7 goblins
  9 hobgoblins
  20 jackals
  2 ball pythons
  9 bats
  6 frilled lizards
  8 kobolds
  5 rats
80 creatures vanquished.

Notes
Turn   | Place    | Note
-------+----------+-------------------------------------------
     0 | D:1      | Monsterracer the Minotaur Monk began the quest for the Orb.
     0 | D:1      | Reached XP level 1. HP: 19/19 MP: 0/0
    71 | D:1      | Reached skill level 4 in Long Blades
   160 | D:1      | HP: 9/19 [rat (2)]
   162 | D:1      | Reached XP level 2. HP: 13/26 MP: 1/1
  1148 | D:1      | HP: 13/26 [kobold/short sword (1)]
  1154 | D:1      | HP: 9/26 [kobold/short sword (1)]
  1155 | D:1      | HP: 4/26 [kobold/short sword (5)]
  1623 | D:1      | Reached XP level 3. HP: 31/31 MP: 2/2
  2219 | D:2      | Noticed Jessica
  2273 | D:2      | Killed Jessica
  2273 | D:2      | Reached skill level 5 in Long Blades
  2487 | D:2      | Noticed a balrug
  2488 | D:2      | Found a burning altar of Makhleb.
  2491 | D:2      | Found a glowing silver altar of Zin.
  2491 | D:2      | Noticed an angel
  2546 | D:2      | Reached XP level 4. HP: 23/39 MP: 3/3
  2566 | D:2      | HP: 19/39 [poisoned by an adder]
  3570 | D:3      | Noticed Nanban's ghost (amateur OpEn)
  3596 | D:3      | HP: 18/39 [Nanban's ghost (3)]
  3959 | D:3      | HP: 19/39 [kobold/uncursed club (2)]
  3966 | D:3      | HP: 16/39 [poisoned by a kobold]
  4343 | D:2      | HP: 18/39 [adder (3)]
  4348 | D:2      | HP: 16/39 [poisoned by an adder]
  4356 | D:2      | HP: 12/39 [poisoned by an adder]
  4363 | D:2      | HP: 11/39 [adder (1)]
  4369 | D:2      | HP: 7/39 [poisoned by an adder]
  4369 | D:2      | HP: 3/39 [adder (4)]
  4373 | D:2      | Reached skill level 6 in Long Blades
  4711 | D:3      | Reached XP level 5. HP: 37/45 MP: 4/4
  5098 | D:4      | HP: 19/45 [orc wizard/magic dart (11)]
  5194 | D:4      | Found a shattered altar of Ashenzari.
  5204 | D:4      | HP: 21/45 [adder (4)]
  5277 | D:4      | Found a staircase to the Ecumenical Temple.
  5277 | D:4      | HP: 19/45 [adder (4)]
  5282 | D:4      | HP: 15/45 [poisoned by an adder]
  5283 | Temple   | Entered the Ecumenical Temple
  5290 | Temple   | HP: 15/45 [poisoned by an adder]
  5330 | Temple   | HP: 20/45 [adder (1)]
  5336 | Temple   | HP: 18/45 [adder (1)]
  5342 | Temple   | HP: 15/45 [adder (3)]
  5351 | D:4      | HP: 15/45 [worker ant (2)]
  5358 | D:4      | HP: 12/45 [worker ant (4)]
  5363 | D:4      | HP: 10/45 [worker ant (3)]
  5367 | D:3      | HP: 4/45 [worker ant (6)]
  5379 | D:3      | HP: 22/45 [poisoned by a worker ant]
  5396 | D:3      | HP: 19/45 [worker ant (6)]
  5401 | D:3      | HP: 16/45 [poisoned by a worker ant]
  5409 | D:3      | HP: 16/45 [poisoned by a worker ant]
  5415 | D:3      | HP: 12/45 [worker ant (4)]
  5423 | D:3      | HP: 17/45 [worker ant (7)]
  5426 | D:3      | HP: 8/45 [poisoned by a worker ant]
  5427 | D:3      | HP: 3/45 [worker ant (4)]
  5427 | D:3      | Slain by a worker ant

Skill      XL: |  1  2  3  4 |
---------------+-------------+-----
Long Blades    | 4 5 6 |  6.3
Dodging        | 4 |  4.6
Fighting       | |  3.6
Stealth        | |  1.5

Action                   |  1- 3 |  4- 6 || total
-------------------------+-------+-------++-------
Melee: Headbutt          |     5 |     9 ||    14
  Use: Potion            |       |     4 ||     4
       Scroll            |       |    10 ||    10
  Eat: Chunk             |     1 |     8 ||     9
       Ration            |     1 |       ||     1
Armor: Robe              |    12 |    37 ||    49
       Leather armour    |    27 |    58 ||    85
Dodge: Dodged            |   126 |   290 ||   416
       Rpst.: Falchion   |    39 |    65 ||   104

Vault maps used:
D:1:      roderic_dead_forest, minmay_pentomino_w2
D:2:      grunt_temple_overflow_order_and_chaos_2, serial_undead,
          serial_undead_b, serial_undead_c, serial_undead_b, serial_undead_f,
          minmay_misc_feat_tiny, uniq_jessica
D:3:      lemuel_castle_with_subvaults, nicolae_overflow_hidden_temple,
          serial_glass, glass_columns_a, glass_columns_c, glass_columns_a,
          glass_columns_a, glass_columns_a, glass_columns_a, glass_columns_c,
          glass_columns_a, glass_columns_c, glass_columns_a, feat_on_display,
          hangedman_decor_clover_reticule, minmay_misc_feat_encased
D:4:      lemuel_doored_altar, overflow_temple_1_default,
          minmay_temple_entry_enclosed_plants, first_ration,
          uniq_crazy_yiuf_cottage
Temple:   zaba_magenta_temple
